 Dungeon Crawl Stone Soup version 0.18-a0-1171-ga8e22e7 (webtiles) character file.

143 Borgoz the Skirmisher (level 5, -3/47 HPs)
             Began as a Ghoul Abyssal Knight on Jan 26, 2016.
             Was a Believer of Lugonu.
             Killed by divine providence
             ... invoked by an orc priest
              (15 damage)
             ... on level 3 of the Dungeon.
             The game lasted 00:06:22 (2512 turns).

Borgoz the Skirmisher (Ghoul Abyssal Knight)        Turns: 2512, Time: 00:06:23

Health: -3/47      AC:  3    Str: 16    XL:     5   Next: 25%
Magic:  5/5        EV: 11    Int:  7    God:    Lugonu [**....]
Gold:   156        SH:  0    Dex:  9    Spells: 0 memorised, 4 levels left

rFire  . . .     SeeInvis .     a - +1 short sword
rCold  + . .     Gourm    .     b - +0 leather armour
rNeg   + + +     Faith    .     (no shield)
rPois  ∞         Spirit   .     (no helmet)
rElec  .         Dismiss  .     (no cloak)
rCorr  .         Reflect  .     (no gloves)
SustAt .         Harm     .     (no boots)
MR     .....                    (no amulet)
Stlth  +.........               (no ring)
                                (no ring)

@: rotting, not resistant to hostile enchantments, very unstealthy
A: rotting body, claws 1, carnivore 3, cold resistance 1, negative energy
resistance 3, slow regeneration 1, torment resistance, unbreathing
a: Depart the Abyss, Bend Space, Renounce Religion


You were on level 3 of the Dungeon.
You worshipped Lugonu.
Lugonu was pleased with you.
You were not hungry.

You visited 1 branch of the dungeon, and saw 4 of its levels.
You visited the Abyss 1 time.

You collected 156 gold pieces.

Inventory:

Hand Weapons
 a - a +1 short sword (weapon)
Armour
 b - a +0 leather armour (worn)
Scrolls
 e - a scroll of blinking {unknown}
 f - a scroll of enchant weapon {unknown}
 g - 3 scrolls of teleportation {unknown}
 h - 2 scrolls of remove curse {unknown}
 i - a scroll of amnesia {unknown}
 o - 4 scrolls of identify {unknown}
 p - a scroll of fear {unknown}
Potions
 d - 2 potions of flight {unknown}
 j - a potion of beneficial mutation {unknown}
 k - a potion of lignification {unknown}
 l - a potion of heal wounds {unknown}
 q - a potion of curing {unknown}
 r - a potion of brilliance {unknown}
Comestibles
 c - a meat ration
 m - a beef jerky
 n - 6 chunks of flesh


   Skills:
 * Level 4.3 Fighting
 * Level 2.9 Short Blades
 + Level 2.4 Armour
 + Level 1.9 Dodging
 + Level 2.6 Invocations


You had 4 spell levels left.
You didn't know any spells.

Dungeon Overview and Level Annotations

Branches:
Dungeon (4/15)
 Temple: D:4-7

Altars:

Annotations:
D:3 Azzok's ghost, amateur MiFi


Innate Abilities, Weirdness & Mutations

Your body is rotting away.
You thrive on raw meat.
You are immune to poison.
You have sharp fingernails.
You are carnivorous and can eat meat at any time.
Your flesh is cold resistant.
You are immune to negative energy.
You regenerate slowly when monsters are visible.
You are immune to unholy pain and torment.
You can survive without breathing.


Message History

Something smites you!
The orc wizard gestures wildly while chanting.
The orc wizard seems to speed up.
You hit the orc wizard but do no damage.
The orc wizard gestures at you while chanting.
The magic dart hits you! The orc closely misses you.
The orc wizard hits you but does no damage.
The orc hits you with a short sword. The orc priest hits you with a dagger.
The orc wizard hits you with a dagger.
* * * LOW HITPOINT WARNING * * *
You climb upwards.
Level annotation: Azzok's ghost, amateur MiFi The kobold shouts!
There is a stone staircase leading down here.
You fail to use your ability.
The orc wizard hits you with a dagger.
* * * LOW HITPOINT WARNING * * *
The orc hits you but does no damage.
The orc priest invokes the aid of Beogh against you.
Something smites you!
You die...

#############
#......o@oo.######
#.########.K......
#######.###.........####
#...........####..#.#
#.#####.###.# #.W# # #.#
#.# #.# #..# #.# #.# #..
.... #.# #.# #.## .....
#.# #.# #.# ......


You could see an orc priest, an orc wizard, an orc and a kobold.

Vanquished Creatures
  Terence (D:2)
  Robin (D:1)
  3 adders
  An ooze (D:1)
  A worm (D:2)
  5 giant geckos
  2 orcs (D:3)
  8 bats
  A giant cockroach (D:1)
  11 goblins
  8 hobgoblins
  3 jackals (D:1)
  2 quokkas (D:2)
  4 giant newts
  6 kobolds
  6 rats
63 creatures vanquished.

Notes
Turn   | Place    | Note
--------------------------------------------------------------
     0 | Abyss:1  | Borgoz the Ghoul Abyssal Knight began the quest for the Orb.
     0 | Abyss:1  | Reached XP level 1. HP: 19/19 MP: 1/1
    91 | Abyss:2  | Noticed a small abomination
    94 | D:1      | Escaped the Abyss
   117 | D:1      | Reached skill level 1 in Dodging
   300 | D:1      | Reached XP level 2. HP: 16/26 MP: 2/2
   497 | D:1      | Reached * piety under Lugonu
   684 | D:1      | Reached XP level 3. HP: 25/31 MP: 3/3
  1382 | D:2      | Found a faded altar to an unknown god.
  1604 | D:2      | Reached XP level 4. HP: 32/39 MP: 4/4
  1734 | D:2      | Reached ** piety under Lugonu
  1815 | D:2      | Reached skill level 4 in Fighting
  1842 | D:2      | Noticed Terence
  1858 | D:2      | Killed Terence
  1982 | D:2      | Noticed Robin
  2078 | D:1      | Killed Robin
  2078 | D:1      | Reached XP level 5. HP: 10/46 MP: 5/5
  2500 | D:3      | Noticed Azzok's ghost (amateur MiFi)
  2512 | D:3      | Killed from afar by an orc priest

Vault maps used:
D:1:      ncdulo_wetmaze
D:2:      ecumenical_altar_2, nrook_mini_vaults, uniq_robin, uniq_terence
D:3:      first_bread, kennysheep_generic_room_9
Abyss:1:  evilmike_abyss_exit_glass
Abyss:2:  evilmike_abyss_exit_5, minivault_11,
          hangedman_abyss_or_decor_jellyfish_corner

Action                   |  1- 3 |  4- 6 || total
-------------------------+-------+-------++-------
Melee: Short sword       |   142 |   124 ||   266
Invok: Depart the Abyss  |     1 |       ||     1
  Eat: Chunk             |    18 |    22 ||    40
